 Dungeon Crawl Stone Soup version 0.27-a0-421-g7ddf969dea (webtiles) character file.

Game seed: 6141372529891618719

67 night the Sneak (level 4, -4/22 HPs)
             Began as a Spriggan Brigand on Feb 26, 2021.
             Slain by an orc priest
             ... wielding a +0 hand axe
              (5 damage)
             ... on level 4 of the Dungeon.
             The game lasted 00:03:05 (1326 turns).

night the Sneak (Spriggan Brigand)                  Turns: 1326, Time: 00:03:05

Health: -4/22      AC:  3    Str:  7    XL:     4   Next: 0%
Magic:  5/5        EV: 18    Int: 12    God:
Gold:   67         SH:  0    Dex: 17    Spells: 3/3 levels left

rFire    . . .     SeeInvis +   m - +0 short sword (venom)
rCold    . . .     Faith    .   (shield restricted)
rNeg     . . .     Spirit   .   b - +0 robe
rPois    .         Reflect  .   (helmet restricted)
rElec    .         Harm     .   c - +0 cloak
rCorr    .         Rampage  .   (gloves unavailable)
Will     .....                  (boots unavailable)
Stlth    ++++......             (no amulet)
HPRegen  0.07/turn              (no ring)
MPRegen  0.09/turn              (no ring)

@: very quick
A: very small, unfitting armour, see invisible, speed 3
a: no special abilities


You were on level 4 of the Dungeon.
You visited 1 branch of the dungeon, and saw 4 of its levels.

You collected 67 gold pieces.

Inventory:

Hand Weapons
 a - a +2 dagger
 m - a +0 short sword of venom (weapon)
 o - a +0 rapier
Missiles
 d - 4 poisoned darts (quivered)
 e - a curare-tipped dart
 f - 37 stones
Armour
 b - a +0 robe (worn)
 c - a +0 cloak (worn)
Jewellery
 q - a ring of positive energy
Scrolls
 i - a scroll of random uselessness {unknown}
 k - 4 scrolls of identify {unknown}
 n - a scroll of fog {unknown}
Potions
 g - a potion of experience {unknown}
 h - a potion of curing {unknown}
 j - a potion of mutation {unknown}
 l - a potion of magic {unknown}
 p - a potion of heal wounds {unknown}


   Skills:
 - Level 1.5 Fighting
 - Level 2.1 Short Blades
 + Level 2.8 Throwing
 + Level 2.7 Dodging
 * Level 7.2 Stealth


You had 3 spell levels left.
You didn't know any spells.
Your spell library was empty.

Dungeon Overview and Level Annotations

Branches:
Dungeon (4/15)
 Temple: D:4-7

Altars:


Innate Abilities, Weirdness & Mutations

You are very small and have problems with some larger weapons.
You are too small for most types of armour.
You have supernaturally acute eyesight. (SInv)
You cover ground extremely quickly.


Message History

You kill the orc!
An orc comes into view. It is wielding a +0 flail.
Things that are here:
a +0 dagger; a +0 leather armour An orc priest comes into view.
It is wielding a +0 hand axe.
You hit the orc but do no damage. The orc hits you but does no damage.
You hit the orc.
The orc is poisoned.
The orc is lightly wounded.
The orc misses you.
You hit the orc but do no damage.
The orc is lightly wounded.
The orc priest completely misses you. The orc completely misses you.
You hit the orc but do no damage.
The orc looks as sick as possible!
The orc is lightly wounded.
The orc priest misses you. The orc barely misses you.
You hit the orc.
The orc looks as sick as possible!
The orc is heavily wounded.
You kill the orc!
The orc priest misses you.
You have reached level 4!
Things that are here:
a +0 dagger; a +0 leather armour Throw: 6 darts (poison)
Press: ? - help, Q - select action, (/) - cycle Shift-Dir - straight line, f - orc priest
Aim: an orc priest, wielding a +0 hand axe and wearing a +0 ring mail (64% to hit)
You throw a poisoned dart.
The poisoned dart barely misses the orc priest.
Throw: 5 darts (poison)
Press: ? - help, Q - select action, (/) - cycle Shift-Dir - straight line, f/p - orc priest
Aim: an orc priest, wielding a +0 hand axe and wearing a +0 ring mail (64% to hit)
You throw a poisoned dart. The poisoned dart hits the orc priest.
The orc priest is poisoned.
The orc priest mumbles some strange prayers to Beogh against you.
Beogh smites you!
Ouch! That really hurt!
The orc hits you with a +0 flail!
* * * LOW HITPOINT WARNING * * *
You barely miss the orc priest.
The orc priest hits you with a +0 hand axe.
You die...

#......###..#
#.# #......#
#.# #.#
#....### ..###
#.# #....# .(#
#.# #....#
##.###### #.#
#...<#
#.).....# #.#
....###
#.......# #.#
..### #oo.....#
#.# .#
#.@.....# #.# .
#.......# #.#
##### #.......#
#)#
.....##.......#
#)#
#..........#
#.#
###.########
#.#
#....†.#####.#
######.......#
#########


You could see an orc priest (poisoned) and an orc.

Vanquished Creatures
  A worker ant (D:4)
  2 adders
  4 orcs (D:4)
  A giant cockroach (D:1)
  A hobgoblin (D:1)
  4 kobolds
  A quokka (D:2)
  3 bats
  2 frilled lizards
  3 goblins
  4 rats
26 creatures vanquished.

Notes
Turn   | Place    | Note
-------+----------+-------------------------------------------
     0 | D:1      | night the Spriggan Brigand began the quest for the Orb.
     0 | D:1      | Reached XP level 1. HP: 10/10 MP: 2/2
    63 | D:1      | Reached skill level 6 in Stealth
   389 | D:2      | Reached XP level 2. HP: 14/14 MP: 3/3
   673 | D:2      | Reached skill level 2 in Dodging
  1064 | D:4      | Reached skill level 7 in Stealth
  1064 | D:4      | Reached XP level 3. HP: 18/18 MP: 4/4
  1322 | D:4      | Reached XP level 4. HP: 20/22 MP: 5/5
  1325 | D:4      | HP: 1/22 [orc/+0 flail (8)]
  1326 | D:4      | Slain by an orc priest

Illustrated notes

Levels and vault maps discovered:
D:1:      minmay_arrival_doors, layout_loops_ring
D:2:      layout_rooms
D:3:      layout_loops_ring, hellmonk_ghost_happy_afterlife
D:4:      layout_rooms, nicolae_tso_besieged_by_evil, uniq_edmund

Skill      XL: |  1  2 |
---------------+-------+-----
Stealth        | 6 7 |  7.2
Dodging        | 2 |  2.7
Fighting       | |  1.5
Short Blades   | |  2.1
Throwing       | |  2.8

Action                   |  1- 3 |  4- 6 || total
-------------------------+-------+-------++-------
Melee: Dagger            |    34 |       ||    34
       Short sword       |    39 |     1 ||    40
Throw: Dart              |    10 |     2 ||    12
 Stab: Sleeping          |     5 |       ||     5
Armor: Robe              |    21 |       ||    21
Dodge: Dodged            |    75 |       ||    75

Table legend: (Time is in decaauts)
 A = Elapsed time spent in this place.
 B = Non-inter-level travel time spent in this place.
 C = Inter-level travel time spent in this place.
 D = Time resting spent in this place.
 E = Time spent auto-exploring this place.
 F = Levels seen in this place.
 G = Mean time per level.
                   A        B        C        D        E       F      G
               +--------+--------+--------+--------+--------+-----+--------+
         Total |   1117 |   1111 |      6 |    595 |    242 |   4 |  279.2 |
       Dungeon |   1117 |   1111 |      6 |    595 |    242 |   4 |  279.2 |
               +--------+--------+--------+--------+--------+-----+--------+

Top non-repeatable levels by time:
     D:3: 419 daAuts
     D:1: 304 daAuts
     D:4: 208 daAuts
     D:2: 184 daAuts
